 Dungeon Crawl Stone Soup version 0.19.1 (webtiles) character file.

4094 Banto the Nimble (level 10, -3/72 HPs)
             Began as a High Elf Skald on Dec 7, 2016.
             Was a Believer of Okawaru.
             Slain by an ice beast (5 damage)
             ... on level 8 of the Dungeon.
             The game lasted 00:11:15 (7776 turns).

Banto the Nimble (High Elf Skald)                   Turns: 7776, Time: 00:11:16

Health: -3/72      AC:  8    Str: 11    XL:     10   Next: 5%
Magic:  14/14      EV: 19    Int: 15    God:    Okawaru [**....]
Gold:   290        SH:  0    Dex: 20    Spells: 4 memorised, 5 levels left

rFire  . . .     SeeInvis .     r - +6 quarterstaff of True Grit {flame, rN+}
rCold  + . .     Gourm    .     t - +3 leather armour
rNeg   + . .     Faith    .     (shield currently unavailable)
rPois  .         Spirit   .     (no helmet)
rElec  .         Reflect  .     (no cloak)
rCorr  .         Harm     .     l - +0 pair of gloves
MR     +....                    o - +0 pair of boots (curse)
Stlth  +.........               (no amulet)
                                D - ring of protection from cold
                                s - ring of wizardry

@: confused, about to teleport
A: no striking features
a: Heroism, Renounce Religion


You were on level 8 of the Dungeon.
You worshipped Okawaru.
Okawaru was pleased with you.
You were not hungry.

You visited 2 branches of the dungeon, and saw 9 of its levels.

You collected 290 gold pieces.

Inventory:

Hand Weapons
 a - a +0 falchion
 r - the +6 quarterstaff of True Grit (weapon) {flame, rN+}
   (You found it on level 4 of the Dungeon)

   It has been specially enchanted to burn those struck by it, causing extra
   injury to most foes and up to half again as much damage against particularly
   susceptible opponents.
   It protects you from negative energy.
Missiles
 z - 3 javelins (quivered)
Armour
 l - a +0 pair of gloves (worn)
 o - a cursed +0 pair of boots (worn)
 t - a +3 leather armour (worn)
Jewellery
 s - a ring of wizardry (left hand)
 D - a ring of protection from cold (right hand)
Wands
 C - a wand of random effects (14/48)
Scrolls
 b - 2 scrolls of enchant armour
 n - 3 scrolls of teleportation
 v - a scroll of remove curse
 y - a scroll of magic mapping
Potions
 f - 3 potions of curing
 g - 2 potions of mutation {unknown}
 h - 2 potions of heal wounds
 j - 3 potions of agility
 k - a potion of degeneration {unknown}
 m - a potion of flight {unknown}
 p - 2 potions of resistance {unknown}
 q - 2 potions of lignification {unknown}
 w - a potion of berserk rage {unknown}
 x - a potion of might {unknown}
 A - a potion of haste {unknown}
 B - a potion of brilliance {unknown}
Comestibles
 c - 2 beef jerkies
 d - 6 bread rations
 i - 7 meat rations
 u - a slice of pizza


   Skills:
 + Level 7.8 Fighting
 - Level 6.7 Long Blades
 - Level 0.8 Armour
 + Level 9.8 Dodging
 - Level 2.4 Spellcasting
 - Level 5.3 Hexes
 - Level 6.1 Charms


You had 5 spell levels left.
You knew the following spells:

 Your Spells              Type           Power        Failure   Level  Hunger
a - Infusion              Chrm           ###.         1%          1    #......
b - Song of Slaying       Chrm           ###.....     1%          2    ###....
c - Spectral Weapon       Hex/Chrm       ###.....     4%          3    ###....
d - Shroud of Golubria    Chrm/Tloc      ##........   6%          2    ###....


Dungeon Overview and Level Annotations

Branches:
Dungeon (8/15)             Temple (1/1) D:6
   Lair: D:8-11

Altars:
Ashenzari
Cheibriados
Dithmenos
Elyvilon
Fedhas
Gozag
Hepliaklqana
Kikubaaqudgha
Okawaru
Ru
Sif Muna
Trog
Uskayaw
Vehumet
Xom
Yredelemnul
Zin
The Shining One

Shops:
D:8 [

Annotations:
D:8 Grum


Message History

The wolf bites your spectral weapon but does no damage.
The wolf closely misses you.
The bullfrog hits you but does no damage.
The ice beast barely misses you. The wolf bites you but does no damage.
The wolf misses you. The bullfrog completely misses you.
You regained 3 hp, and now have 14/72 hp.
MP restored: 14 You sock the wolf!
You burn the wolf.
The wolf is almost dead.
You feel sick.
You are no longer poisoned.
The wolf misses you. The wolf closely misses you.
The ice beast closely misses you. The bullfrog hits you.
* * * LOW HITPOINT WARNING * * *
The wolf bites you!
* * * LOW HITPOINT WARNING * * *
The wolf closely misses you. The ice beast hits you.
* * * LOW HITPOINT WARNING * * *
The ice beast freezes you. You resist.
You die...

...........#
#..#.....#..........##
...................##
..........#...#...##
..............#
..............#
.........h....#
.>.....gFh#...## ..
#.ch@##...##.# #
#.##(Y.....#.#.
#.)#####......
###.####)## #....#
.......(h.####...####.###
##.......gh..h...<.Y....#
....##(..........#####...
#.c #####..†.....# #
##(###.#....)


You could see Grum, an ice beast, 3 wolves, a bullfrog, a centaur and a friendly
spectral quarterstaff of True Grit {flame, rN+}.

Vanquished Creatures
  Psyche (D:8)
  2 hippogriffs
  The ghost of Banto the Charmwright, an amateur HESk (D:3)
  2 water moccasins
  A sky beast (D:8)
  2 ice beasts
  An orc warrior (D:7)
  A phantom (D:4)
  5 ogres
  A black bear (D:7)
  3 centaurs
  9 bullfrogs
  2 scorpions
  A howler monkey (D:5)
  5 crimson imps
  A bullfrog zombie (D:5)
  3 jellies
  6 hounds
  3 centaur skeletons
  3 orc priests
  3 orc wizards
  5 iguanas
  4 worker ants
  A killer bee zombie (D:6)
  A hound skeleton (D:4)
  9 adders
  2 adder skeletons
  6 worms
  A dart slug (D:1)
  3 leopard geckos
  10 orcs
  3 ball pythons
  8 bats
  5 giant cockroaches
  12 goblins
  8 hobgoblins
  15 jackals
  10 kobolds
  7 quokkas
  7 frilled lizards
  A leopard gecko skeleton (D:6)
  A quokka skeleton (D:6)
  9 rats
184 creatures vanquished.

Vanquished Creatures (others)
  4 spectral weapons
4 creatures vanquished.

Grand Total: 188 creatures vanquished

Notes
Turn   | Place    | Note
-------+----------+-------------------------------------------
     0 | D:1      | Banto the High Elf Skald began the quest for the Orb.
     0 | D:1      | Reached XP level 1. HP: 14/14 MP: 4/4
   140 | D:1      | Reached XP level 2. HP: 13/19 MP: 0/6
   276 | D:1      | Reached skill level 2 in Dodging
   571 | D:1      | Reached XP level 3. HP: 24/24 MP: 7/7
   818 | D:1      | Learned a level 2 spell: Song of Slaying
   822 | D:1      | Learned a level 3 spell: Spectral Weapon
  1265 | D:2      | Found a hide-covered altar of Uskayaw.
  1419 | D:2      | Reached XP level 4. HP: 24/29 MP: 1/8
  1492 | D:2      | Found a snail-covered altar of Cheibriados.
  1498 | D:2      | Found a basalt altar of Yredelemnul.
  1516 | D:2      | Reached skill level 3 in Dodging
  1852 | D:3      | Noticed Banto's ghost (amateur HESk)
  2125 | D:3      | Killed Banto's ghost
  2125 | D:3      | Reached skill level 5 in Long Blades
  2125 | D:3      | Reached skill level 4 in Dodging
  2125 | D:3      | Reached XP level 5. HP: 27/34 MP: 1/9
  2218 | D:3      | Reached XP level 6. HP: 23/39 MP: 0/10
  3086 | D:4      | Reached skill level 5 in Dodging
  3203 | D:4      | Learned a level 2 spell: Shroud of Golubria
  3292 | D:4      | Noticed a moth of wrath
  3295 | D:4      | Found a bloodstained altar of Trog.
  3340 | D:4      | Got an ebony quarterstaff
  3345 | D:4      | Identified the +6 quarterstaff of True Grit {flame, rN+} (You found it on level 4 of the Dungeon)
  3403 | D:4      | Found a shattered altar of Ashenzari.
  3563 | D:4      | Noticed a water moccasin
  3591 | D:4      | Killed a water moccasin
  3591 | D:4      | Reached skill level 1 in Hexes
  3591 | D:4      | Reached XP level 7. HP: 17/45 MP: 2/11
  3879 | D:4      | Found a hazy altar of Hepliaklqana.
  3898 | D:4      | Reached skill level 5 in Charms
  3912 | D:4      | Found a radiant altar of Vehumet.
  3925 | D:4      | Found an ancient bone altar of Kikubaaqudgha.
  3926 | D:4      | Found a deep blue altar of Sif Muna.
  3931 | D:4      | Identified Sif Muna's Compendium of Calling
  4233 | D:5      | Entered Level 5 of the Dungeon
  4685 | D:5      | Reached XP level 8. HP: 33/50 MP: 8/12
  4775 | D:5      | Found a shadowy altar of Dithmenos.
  5187 | D:5      | Reached skill level 5 in Hexes
  5377 | D:6      | Reached skill level 6 in Dodging
  5580 | D:6      | Reached skill level 7 in Dodging
  5664 | D:6      | Reached XP level 9. HP: 49/60 MP: 13/13
  5908 | D:6      | Reached skill level 5 in Fighting
  6182 | D:6      | Found a staircase to the Ecumenical Temple.
  6189 | Temple   | Entered the Ecumenical Temple
  6263 | Temple   | Became a worshipper of Warmaster Okawaru
  6538 | D:7      | Reached skill level 8 in Dodging
  6793 | D:7      | Reached * piety under Okawaru
  7280 | D:7      | Reached skill level 9 in Dodging
  7549 | D:8      | Found Rujuod's Armour Shop.
  7654 | D:8      | Reached ** piety under Okawaru
  7751 | D:8      | Noticed Psyche
  7754 | D:8      | Killed Psyche
  7754 | D:8      | Reached XP level 10. HP: 44/72 MP: 14/14
  7758 | D:8      | Noticed Grum
  7776 | D:8      | HP: 2/72 [ice beast (2)]
  7776 | D:8      | Slain by an ice beast

Skill      XL: |  1  2  3  4  5  6  7  8  9 |
---------------+----------------------------+-----
Long Blades    | 3 4 5 6 |  6.7
Dodging        | 2 4 5 7 9 |  9.8
Hexes          | 1 4 5 |  5.3
Charms         | 4 6 |  6.1
Fighting       | 4 7 |  7.8
Armour         | |  0.8
Spellcasting   | |  2.4

Action                   |  1- 3 |  4- 6 |  7- 9 | 10-12 || total
-------------------------+-------+-------+-------+-------++-------
Melee: Falchion          |   118 |   173 |       |       ||   291
       Quarterstaff      |       |    16 |   205 |     5 ||   226
 Cast: Infusion          |    13 |     6 |     1 |       ||    20
       Spectral Weapon   |       |     8 |    27 |     1 ||    36
Evoke: Wand              |       |       |     3 |       ||     3
  Use: Scroll            |     4 |     4 |     5 |     1 ||    14
       Potion            |       |       |     1 |     1 ||     2
 Stab: Sleeping          |       |     3 |     3 |       ||     6
       Distracted        |       |       |     1 |       ||     1
  Eat: Chunk             |     2 |     9 |    18 |       ||    29
Armor: Leather armour    |    57 |    39 |    64 |     6 ||   166
Dodge: Dodged            |    90 |   136 |   203 |    24 ||   453
       Rpst.: Falchion   |    34 |    46 |       |       ||    80

Table legend:
 A = Turns spent in this place as a percentage of turns spent in the entire game.
 B = Non-inter-level travel turns spent in this place as a percentage of non-inter-level travel turns spent in the entire game.
 C = Inter-level travel turns spent in this place as a percentage of turns spent in this place.
 D = Turns resting spent in this place as a percentage of non-inter-level travel turns spent in this place.
 E = Turns spent auto-exploring this place as a percentage of non-inter-level travel turns spent in this place.
 F = Non-inter-level travel turns spent in this place divided by the number of levels of this place that you've seen.
                   A       B       C       D       E      F
               +-------+-------+-------+-------+-------+----------------------
         Total | 100.0 | 100.0 |   0.8 |   5.9 |  12.2 | 221.1
       Dungeon |  99.4 |  99.4 |   0.7 |   5.9 |  11.9 | 247.4
        Temple |   0.6 |   0.6 |  15.4 |   0.0 |  72.7 |  11.0
               +-------+-------+-------+-------+-------+----------------------

Table legend:
 A = Kills in this place as a percentage of kills in entire the game.
 B = Kills by you in this place as a percentage of kills by you in the entire game.
 C = Kills by friends in this place as a percentage of kills by friends in the entire game.
 D = Other kills in this place as a percentage of other kills in the entire game.
 E = Experience gained in this place as a percentage of experience gained in the entire game.
 F = Experience gained in this place divided by the number of levels of this place that you have seen.
                   A       B       C       D       E      F
               +-------+-------+-------+-------+-------+----------------------
         Total | 100.0 | 100.0 |  -nan |  -nan | 100.0 | 649.9
       Dungeon | 100.0 | 100.0 |  -nan |  -nan | 100.0 | 731.1
               +-------+-------+-------+-------+-------+----------------------
